 Dungeon Crawl Stone Soup version 0.27.1-3-gb3d3a73c9e (webtiles) character file.

Game seed: 4791752249138575829

932 lepoulpe303 the Covert (level 7, 0/32 HPs)
             Began as a Spriggan Enchanter on Oct 22, 2021.
             Slain by a jelly (2 damage)
             ... on level 5 of the Dungeon.
             The game lasted 00:30:38 (4454 turns).

lepoulpe303 the Covert (Spriggan Enchanter)         Turns: 4454, Time: 00:30:38

Health: 0/32       AC: -6    Str:  4    XL:     7   Next: 86%
Magic:  12/14      EV: 18    Int: 18    God:
Gold:   156        SH:  0    Dex: 16    Spells: 5/14 levels left

rFire    . . .     SeeInvis +   a - +1 dagger (venom)
rCold    . . .     Faith    .   (shield restricted)
rNeg     . . .     Spirit   .   h - +0 robe
rPois    .         Reflect  .   (helmet restricted)
rElec    .         Harm     .   (no cloak)
rCorr    .         Rampage  .   (gloves unavailable)
Will     +....                  (boots unavailable)
Stlth    ++++......             e - amulet of magic regeneration
HPRegen  0.10/turn              o - +4 ring of slaying
MPRegen  0.39/turn              (no ring)

@: confusing by touch, corroded, very quick
A: very small, no large weapons, unfitting armour, see invisible, speed 3
a: no special abilities


You were on level 5 of the Dungeon.
You visited 1 branch of the dungeon, and saw 5 of its levels.

You collected 156 gold pieces.

Inventory:

Hand Weapons
 a - a +1 dagger of venom (weapon)
 b - a +1 dagger of holy wrath
Missiles
 Q - 176 stones (quivered)
Armour
 h - a +0 robe (worn)
Jewellery
 e - an amulet of magic regeneration (around neck)
 o - a +4 ring of slaying (left hand)
 r - a ring of fire {rF+, rC-}
Wands
 k - a wand of iceblast (12)
Scrolls
 f - 2 scrolls of teleportation {unknown}
 i - 2 scrolls of identify
 j - a scroll of noise {unknown}
 m - a scroll of vulnerability {unknown}
 n - a scroll of fear {unknown}
 s - a scroll of brand weapon {unknown}
 t - a scroll of amnesia {unknown}
 u - 2 scrolls of summoning {unknown}
 v - a scroll of acquirement {unknown}
Potions
 c - a potion of curing {unknown}
 d - a potion of might
 g - 2 potions of mutation {!q}
 l - 3 potions of heal wounds
 p - a potion of flight {unknown}
 q - a potion of degeneration {!q}


   Skills:
 - Level 5.0 Short Blades
 - Level 3.2 Dodging
 - Level 8.0 Stealth
 - Level 4.0 Spellcasting
 + Level 7.9 Hexes


You had 5 spell levels left.
You knew the following spells:

 Your Spells              Type           Power      Damage    Failure   Level
a - Ensorcelled Hibernat  Hex/Ice        34%        N/A       4%          2
b - Tukima's Dance        Hex            32%        N/A       1%          3
c - Confusing Touch       Hex            32%        N/A       1%          3
v - Corona                Hex            35%        N/A       1%          1

Your spell library contained the following spells:

 Spells                   Type           Power      Damage    Failure   Level
 Dazzling Flash           Conj/Hex       34%        N/A       9%          3


Dungeon Overview and Level Annotations

Branches:
Dungeon (5/15)
 Temple: D:4-7

Altars:

Shops:
D:1 [   D:5 (


Innate Abilities, Weirdness & Mutations

You are very small and have problems with some larger weapons.
You are too small for most types of armour.
You have supernaturally acute eyesight. (SInv)
You cover ground extremely quickly. (Speed+++)


Message History

You barely miss the orc priest.
The jelly quivers.
You hit the orc priest. You barely miss the orc priest. You hit the orc priest.
The orc priest is poisoned.
The orc priest closely misses you.
You hit the orc priest. You hit the orc priest.
You kill the orc priest!
MP restored: 14
Things that are here:
a +0 hand axe; 9 gold pieces You hit the jelly.
The jelly is poisoned.
The acid corrodes you!
Your hands burn!
The jelly completely misses you.
You take 5 damage, and have 27/32 hp.
You hit the jelly.
Your hands burn!
The jelly hits you.
You are splashed with acid!
* * * LOW HITPOINT WARNING * * *
You take 10 damage, and have 17/32 hp.
MASSIVE DAMAGE!!
Items here: )) [ ††.
You see here a +0 whip.
You see here a +0 club.
You see here a +0 club.
You see here a +0 falchion.
You see here a +0 falchion.
Your hands begin to glow red.
The jelly looks more healthy.
You now have 11/14 mp.
You hit the jelly but do no damage.
Your hands burn!
* * * LOW HITPOINT WARNING * * *
The jelly hits you.
* * * LOW HITPOINT WARNING * * *
The acid corrodes you!
You are splashed with acid!
* * * LOW HITPOINT WARNING * * *
You take 13 damage, and have 5/32 hp.
MASSIVE DAMAGE!!
You hit the jelly but do no damage. The acid corrodes you!
Your hands burn!
* * * LOW HITPOINT WARNING * * *
The jelly hits you.
You die...

##.##
#......#
#...#
##.##...#
#...#
#.#.....#
#...#
##.##...#
###.#
####..##
#.# ####..#
#.# #....)#
#.# #.###.#
#.# #.# #@#
#.# #.# #J#
#.# #.# #.#
#####.# #.#
#)# .>....#
#.# #.# ##
####### #.#
#)# ... #.#
#)# ....
#.# .....
#.###......


You could see a jelly.

Levels and vault maps discovered:
D:1:      nicolae_arrival_memento_mori, layout_loops_ring, serial_shops, shop
D:2:      layout_loops_ring, ebering_ecumenical_altar_sacrificial,
          minmay_tripent
D:3:      layout_rooms, grunt_ministairs_12, uniq_ijyb
D:4:      layout_basic
D:5:      layout_loops_ring, marbit_many_paths, serial_shops, shop

Notes
Turn   | Place    | Note
-------+----------+-------------------------------------------
     0 | D:1      | lepoulpe303 the Spriggan Enchanter began the quest for the
                  | Orb.
     0 | D:1      | Reached XP level 1. HP: 9/9 MP: 5/5
     6 | D:1      | Identified a +0 scale mail
     8 | D:1      | Identified a +0 club
    78 | D:1      | Found Relidipt's Armour Boutique.
   124 | D:1      | Identified a +4 ring of slaying
   201 | D:1      | Reached XP level 2. HP: 13/13 MP: 6/6
   249 | D:1      | Identified a +0 spear
   438 | D:1      | Identified a +0 dagger
   446 | D:1      | Reached skill level 4 in Hexes
   452 | D:1      | Identified a +1 dagger of holy wrath
   460 | D:1      | Identified a +1 dagger
   554 | D:1      | Identified a +1 whip of venom
   611 | D:1      | Identified a +0 club
   711 | D:2      | Reached skill level 3 in Dodging
   711 | D:2      | Reached skill level 3 in Spellcasting
   712 | D:2      | Identified a +0 dagger
   717 | D:2      | Reached skill level 5 in Stealth
   780 | D:2      | Identified a scroll of identify
   780 | D:2      | Identified 2 potions of heal wounds
   807 | D:2      | Reached XP level 3. HP: 16/16 MP: 8/8
   818 | D:2      | Identified a +0 short sword
   832 | D:2      | Identified a +0 dagger
   836 | D:2      | Identified a +0 long sword
   894 | D:2      | Identified a +0 leather armour
   907 | D:2      | Identified a +0 club
   909 | D:2      | Found a faded altar of an unknown god.
   934 | D:2      | You fall into a shaft and drop 1 floor!
   959 | D:3      | Identified a +0 whip
   959 | D:3      | Identified a +0 dagger
   967 | D:3      | Identified a +0 club
   967 | D:3      | Identified a +0 scale mail
   981 | D:3      | Identified a +0 club
  1183 | D:2      | Identified a +0 pair of gloves
  1465 | D:2      | Identified a +0 dagger
  1591 | D:2      | Identified a +1 dagger of venom
  1746 | D:2      | Identified a potion of mutation
  1836 | D:2      | Identified a +0 mace
  1852 | D:3      | Reached XP level 4. HP: 21/21 MP: 9/9
  1900 | D:3      | Identified a +0 mace
  1903 | D:3      | Identified a +2 whip of draining
  1903 | D:3      | Identified a +0 flail
  1903 | D:3      | Identified a +0 leather armour
  1909 | D:3      | Identified a +0 club
  1909 | D:3      | Identified a +0 ring mail
  1937 | D:3      | Identified a +0 whip
  1993 | D:3      | Learned a level 2 spell: Ensorcelled Hibernation
  2017 | D:3      | Reached skill level 2 in Short Blades
  2143 | D:3      | Identified a +0 dagger
  2143 | D:3      | Identified a +0 leather armour
  2143 | D:3      | Noticed Ijyb
  2194 | D:3      | Killed Ijyb
  2425 | D:3      | Identified a +0 club
  2433 | D:3      | Identified a +0 dagger
  2440 | D:3      | Identified a +0 dagger of venom
  2579 | D:3      | Identified a +0 club
  2583 | D:3      | Identified a +0 dagger
  2833 | D:4      | Identified an amulet of magic regeneration
  2917 | D:4      | Identified a +0 hand axe
  2930 | D:4      | Identified a +0 club
  3075 | D:4      | Identified a +0 dagger
  3089 | D:4      | Identified the +6 mace of Wisdom {vorpal, *Rage rF- Will+++
                  | rCorr}
  3105 | D:4      | Identified a +0 leather armour
  3152 | D:4      | Reached skill level 3 in Short Blades
  3152 | D:4      | Reached XP level 5. HP: 18/24 MP: 10/10
  3155 | D:4      | Reached skill level 6 in Stealth
  3159 | D:4      | Learned a level 3 spell: Tukima's Dance
  3264 | D:4      | Identified a ring of fire
  3448 | D:4      | Identified a +0 whip
  3503 | D:5      | Entered Level 5 of the Dungeon
  3503 | D:5      | Identified a +0 dagger
  3503 | D:5      | Identified a +0 leather armour
  3503 | D:5      | Identified a +0 war axe
  3503 | D:5      | Identified a +0 scale mail
  3503 | D:5      | Identified a +0 mace
  3591 | D:5      | Found Xofegosh's Antique Weapon Shoppe.
  3597 | D:4      | Reached skill level 4 in Short Blades
  3776 | D:5      | Noticed a phantom
  3788 | D:5      | Killed a phantom
  3789 | D:5      | Reached XP level 6. HP: 25/28 MP: 11/11
  3789 | D:5      | Noticed a water moccasin
  3797 | D:5      | Killed a water moccasin
  3798 | D:5      | Reached skill level 5 in Short Blades
  3798 | D:5      | Reached skill level 7 in Stealth
  3805 | D:5      | Reached skill level 8 in Stealth
  3821 | D:5      | Identified a +0 club
  3910 | D:5      | Identified a +0 chain mail
  3924 | D:5      | Noticed a yak
  3942 | D:5      | Killed a yak
  3943 | D:5      | Reached skill level 4 in Spellcasting
  3943 | D:5      | Reached skill level 5 in Hexes
  3943 | D:5      | Reached XP level 7. HP: 32/32 MP: 9/14
  3954 | D:5      | Reached skill level 6 in Hexes
  3963 | D:5      | Learned a level 3 spell: Confusing Touch
  4213 | D:5      | Identified a +0 giant spiked club
  4222 | D:5      | Reached skill level 7 in Hexes
  4223 | D:5      | Identified a potion of might
  4224 | D:5      | Identified a potion of degeneration
  4297 | D:5      | Identified a +0 club
  4297 | D:5      | Identified a +0 whip
  4297 | D:5      | Identified a +0 falchion
  4297 | D:5      | Identified a +0 falchion
  4297 | D:5      | Identified a +0 whip
  4297 | D:5      | Identified a +0 leather armour
  4298 | D:5      | Identified a +0 club
  4299 | D:5      | Identified a +0 hand axe
  4327 | D:5      | Identified a +0 spear
  4418 | D:5      | Identified a +0 hand axe
  4453 | D:5      | HP: 5/32 [acid (9)]
  4454 | D:5      | HP: 2/32 [acid (3)]
  4454 | D:5      | Slain by a jelly

Table legend: (Time is in decaauts)
 A = Elapsed time spent in this place.
 B = Non-inter-level travel time spent in this place.
 C = Inter-level travel time spent in this place.
 D = Time resting spent in this place.
 E = Time spent auto-exploring this place.
 F = Levels seen in this place.
 G = Mean time per level.
                   A        B        C        D        E       F      G
               +--------+--------+--------+--------+--------+-----+--------+
         Total |   3300 |   3234 |     66 |   1237 |   1266 |   5 |  660.0 |
       Dungeon |   3300 |   3234 |     66 |   1237 |   1266 |   5 |  660.0 |
               +--------+--------+--------+--------+--------+-----+--------+

Top non-repeatable levels by time:
     D:2: 825 daAuts
     D:3: 794 daAuts
     D:4: 698 daAuts
     D:5: 532 daAuts
     D:1: 450 daAuts

Table legend:
 A = Kills in this place as a percentage of kills in entire the game.
 B = Kills by you in this place as a percentage of kills by you in the entire game.
 C = Kills by friends in this place as a percentage of kills by friends in the entire game.
 D = Other kills in this place as a percentage of other kills in the entire game.
 E = Experience gained in this place as a percentage of experience gained in the entire game.
 F = Experience gained in this place divided by the number of levels of this place that you have seen.
                   A       B       C       D       E      F
               +-------+-------+-------+-------+-------+----------------------
         Total | 100.0 | 100.0 | 100.0 |   N/A | 100.0 | 266.4
       Dungeon | 100.0 | 100.0 | 100.0 |   N/A | 100.0 | 266.4
               +-------+-------+-------+-------+-------+----------------------

Skill      XL: |  1  2  3  4  5  6  7 |
---------------+----------------------+-----
Hexes          | 4 5 7 |  7.9
Dodging        | 3 |  3.2
Spellcasting   | 3 4 |  4.0
Stealth        | 5 6 8 |  8.0
Short Blades   | 3 4 5 |  5.0

Action                   |  1- 3 |  4- 6 |  7- 9 || total
-------------------------+-------+-------+-------++-------
Melee: Dagger            |    86 |    94 |    41 ||   221
 Cast: Corona            |     8 |     1 |       ||     9
       Ensorcelled Hiber |       |     4 |     3 ||     7
       Confusing Touch   |       |       |     6 ||     6
       Tukima's Dance    |       |       |     2 ||     2
  Use: Scroll            |     2 |       |     2 ||     4
 Stab: Sleeping          |    21 |     9 |     3 ||    33
       Confused          |       |       |     3 ||     3
Armor: Robe              |     1 |     6 |     3 ||    10
Dodge: Dodged            |    42 |    50 |    13 ||   105

Vanquished Creatures
  A yak (D:5)
  A water moccasin (D:5)
  An ogre (D:5)
  A necrophage (D:5)
  A phantom (D:5)
  2 scorpions
  A centaur zombie (D:5)
  A hound (D:5)
  An orc priest (D:5)
  Ijyb (D:3)
  An iguana (D:5)
  2 hound skeletons (D:4)
  3 gnolls (D:5)
  An adder (D:2)
  4 worms
  3 dart slugs
  11 orcs
  7 endoplasms
  2 giant cockroaches
  10 goblins
  5 hobgoblins
  7 jackals
  7 kobolds
  3 quokkas
  A ball python (D:1)
  4 bats
  3 frilled lizards (D:1)
  7 rats
92 creatures vanquished.

Vanquished Creatures (collateral kills)
  A gnoll (D:5)
  2 orcs (D:5)
3 creatures vanquished.

Vanquished Creatures (others)
  2 dancing weapons (D:5)
2 creatures vanquished.

Grand Total: 97 creatures vanquished
